 Dungeon Crawl Stone Soup version 0.21.0-25-ge575cb9ce8 (webtiles) character file.

257 Rrauwl the Magician (level 5, -1/29 HPs)
             Began as a Deep Elf Fire Elementalist on Jan 24, 2018.
             Slain by a crimson imp (2 damage)
             ... on level 3 of the Dungeon.
             The game lasted 00:08:29 (2224 turns).

Rrauwl the Magician (Deep Elf Fire Elementalist)    Turns: 2224, Time: 00:08:29

Health: -1/29      AC:  4    Str:  8    XL:     5   Next: 93%
Magic:  1/14       EV: 13    Int: 21    God:
Gold:   126        SH:  0    Dex: 15    Spells: 9/14 levels left

rFire    . . .     SeeInvis .   a - +0 whip
rCold    . . .     Gourm    .   (no shield)
rNeg     . . .     Faith    .   l - +0 robe
rPois    .         Spirit   .   (no helmet)
rElec    .         Reflect  .   (no cloak)
rCorr    .         Harm     +   e - +1 pair of gloves {Str+3}
MR       .....                  (no boots)
Stlth    ++........             d - amulet of harm
HPRegen  0.09/turn              (no ring)
MPRegen  0.14/turn              (no ring)

@: no status effects
A: no striking features
a: no special abilities


You were on level 3 of the Dungeon.
You were not hungry.

You visited 1 branch of the dungeon, and saw 3 of its levels.

You collected 126 gold pieces.

Inventory:

Hand Weapons
 a - a +0 whip (weapon)
Missiles
 h - 124 arrows
Armour
 e - a +1 pair of gloves of strength (worn)
 l - a +0 robe (worn)
Jewellery
 d - an amulet of harm (around neck)
Scrolls
 g - 3 scrolls of remove curse
 k - a scroll of identify
Books
 b - a book of Flames

   Spells                             Type                      Level
   a - Flame Tongue                   Conjuration/Fire             1
   b - Throw Flame                    Conjuration/Fire             2
   c - Conjure Flame                  Conjuration/Fire             3
   d - Inner Flame                    Hexes/Fire                   3
   e - Sticky Flame                   Conjuration/Fire             4
   f - Fireball                       Conjuration/Fire             5
Comestibles
 c - 6 rations
 f - 4 chunks of flesh


   Skills:
 - Level 1.0 Fighting
 - Level 3.0 Dodging
 - Level 3.0 Stealth
 + Level 5.0 Spellcasting
 + Level 3.4 Conjurations
 + Level 4.6 Fire Magic


You had 9 spell levels left.
You knew the following spells:

 Your Spells              Type           Power        Failure   Level  Hunger
a - Flame Tongue          Conj/Fire      ###..        1%          1    None
b - Sticky Flame          Conj/Fire      ###.....     21%         4    ####...


Dungeon Overview and Level Annotations

Branches:
Dungeon (3/15)

Altars:
Hepliaklqana
Ru
Wu Jian


Message History

The rat is heavily wounded.
The rat completely misses you.
You hit the rat.
You kill the rat!
You barely miss the crimson imp. The crimson imp hits you.
* * * LOW HITPOINT WARNING * * *
Sorry, you're not good enough to have a special ability.
You aren't carrying any potions.
The crimson imp grins evilly.
The crimson imp hits you.
* * * LOW HITPOINT WARNING * * *
Casting: Flame Tongue
Confirm with . or Enter, or press ? or * to list all spells.
Aiming: Flame Tongue
Press: ? - help, Shift-Dir - straight line, f/p - hobgoblin
Aim: a hobgoblin (moderately wounded)
The flame tongue hits the hobgoblin.
You kill the hobgoblin!
The crimson imp hits you.
You die...

#....# #........
###..###....... ###......#
##.# .........# #..
##....#..###.#
#.........#.###
......##.......####
##<...####...#(...# #
#..##........†..@.#######.##
... .........##.5..).......#
##.......###...###(###....#
.....##)5# ##..# #.# ....#
##... ##)# #.)###.###.5..#
#... #)####..'.[_###....#
#.. #(......###.###....#
##......# #.# ....#
#......###'###....#


You could see a crimson imp.

Vanquished Creatures
  A water moccasin (D:3)
  An orc priest (D:3)
  An orc wizard (D:3)
  3 adders
  2 worms (D:2)
  A dart slug (D:2)
  5 leopard geckos
  8 orcs (D:3)
  6 giant cockroaches
  5 goblins
  5 hobgoblins
  3 jackals (D:2)
  3 kobolds
  A quokka (D:2)
  A ball python (D:2)
  3 bats
  6 frilled lizards
  8 rats
63 creatures vanquished.

Notes
Turn   | Place    | Note
-------+----------+-------------------------------------------
     0 | D:1      | Rrauwl the Deep Elf Fire Elementalist began the quest for the Orb.
     0 | D:1      | Reached XP level 1. HP: 10/10 MP: 6/6
   202 | D:1      | Reached XP level 2. HP: 15/15 MP: 5/8
   794 | D:2      | Found a sacrificial altar of Ru.
   848 | D:2      | Reached XP level 3. HP: 20/20 MP: 1/9
   869 | D:2      | Found an ornate altar of the Wu Jian Council.
  1454 | D:2      | Reached skill level 1 in Fighting
  1714 | D:3      | Reached XP level 4. HP: 25/25 MP: 6/11
  1955 | D:3      | Noticed a water moccasin
  1966 | D:3      | Killed a water moccasin
  1966 | D:3      | Reached skill level 4 in Spellcasting
  1966 | D:3      | Reached XP level 5. HP: 13/29 MP: 3/13
  2057 | D:3      | Learned a level 4 spell: Sticky Flame
  2119 | D:3      | Found a hazy altar of Hepliaklqana.
  2202 | D:3      | Reached skill level 5 in Spellcasting
  2223 | D:3      | HP: 1/29 [crimson imp (1)]
  2224 | D:3      | Slain by a crimson imp

Skill      XL: |  1  2  3  4  5 |
---------------+----------------+-----
Stealth        | 3 |  3.0
Dodging        | 3 |  3.0
Conjurations   | 2 3 |  3.4
Fighting       | 1 |  1.0
Spellcasting   | 4 5 |  5.0
Fire Magic     | 4 |  4.6

Action                   |  1- 3 |  4- 6 || total
-------------------------+-------+-------++-------
Melee: Whip              |    35 |    41 ||    76
 Cast: Flame Tongue      |    64 |    52 ||   116
  Use: Potion            |     5 |       ||     5
       Scroll            |     4 |       ||     4
 Stab: Sleeping          |     1 |     1 ||     2
  Eat: Chunk             |     2 |     2 ||     4
Armor: Robe              |    22 |    17 ||    39
Dodge: Dodged            |    46 |    39 ||    85
